 Dungeon Sprint DCSS version 0.30.1-9-gdf580d7c3d (webtiles) character file.

Game seed: 18235658457778735619

125 Heoruswealwe the Spear-Bearer (level 4, 0/45 HPs)
             Began as a Minotaur Fighter on Sept 29, 2023.
             Was an Initiate of Gozag.
             Slain by a gargoyle
             ... wielding a +0 mace
              (1 damage)
             ... in the Dungeon (Sprint IX: "|||||||||||||||||||||||||||||").
             The game lasted 00:02:31 (141 turns).

Heoruswealwe the Spear-Bearer (Minotaur Fighter)     Turns: 141, Time: 00:02:31

Health: 0/45       AC: 12    Str: 23    XL:     4   Next: 82%
Magic:  3/3        EV: 10    Int:  5    God:    Gozag
Gold:   0          SH:  0    Dex:  9    Spells: 3/3 levels left

rFire   . . .        b - +2 halberd (pain)
rCold   . . .        (shield currently unavailable)
rNeg    . . .        c - +1 scale mail
rPois   .            (helmet restricted)
rElec   .            (no cloak)
rCorr   .            (no gloves)
SInv    .            e - +0 pair of boots
Will    .....        (no amulet) Stlth
                     k - +2 ring of protection
HPRegen 0.27/turn    (no ring)
MPRegen 0.08/turn

%: no teleportation
@: no status effects
A: horns 2, retaliatory headbutt
a: Renounce Religion, Potion Petition, Call Merchant, Bribe Branch


You were in the Dungeon.
You worshipped Gozag.
Gozag was noncommittal.
You visited 1 branch

Inventory:

Hand Weapons
 a - a +0 trident
 b - a +2 halberd of pain (weapon)
Armour
 c - a +1 scale mail (worn)
 d - a +0 buckler
 e - a +0 pair of boots (worn)
Jewellery
 k - a +2 ring of protection (left hand)
Wands
 h - a wand of iceblast (10)
Scrolls
 j - 2 scrolls of blinking
Potions
 f - 4 potions of curing
 g - a potion of haste
 i - a potion of berserk rage
 l - 2 potions of heal wounds
 m - a potion of might


   Skills:
 + Level 6.8 Fighting
 * Level 8.5 Polearms
 + Level 6.8 Armour
 - Level 3.6 Shields


You had 3 spell levels left.
You didn't know any spells.
Your spell library was empty.

Dungeon Overview and Level Annotations

Branches:
Dungeon (1/1)

Altars:
Cheibriados
Dithmenos
Elyvilon
Fedhas
Gozag
Hepliaklqana
Kikubaaqudgha
Makhleb
Nemelex Xobeh
Okawaru
Qazlal
Ru
Sif Muna
Trog
Uskayaw
Vehumet
Wu Jian
Xom
Yredelemnul
Zin
The Shining One
Jiyva
Lugonu


Innate Abilities, Weirdness & Mutations

You have a pair of horns on your head.
You reflexively headbutt those who attack you in melee.


Message History

You see here a +0 helmet.
You see here a +0 scale mail.
Save game and exit?
Okay, then.
You drop a +3 ring of dexterity.
You see here a +0 scale mail.
You see here a +0 helmet.
You see here a +2 ring of protection.
m - a +2 ring of protection Adjust (i)tems, (s)pells, or (a)bilities?
m - a +2 ring of protection Adjust to which letter? (? for menu, Esc to quit)
k - a +2 ring of protection;
m - a potion of might
k - a +2 ring of protection (left hand) As you open the door, it creaks loudly!
A vampire, a two-headed ogre, 2 shadows, a wyvern and a gargoyle come into view.
The wyvern hisses angrily.
The shadow slips into darkness.
The shadow flickers and vanishes!
Deactivating autopickup; reactivate with Ctrl-A.
The gargoyle hurls a stone arrow at you.
The stone arrow hits you!
Reach: b) +2 halberd (pain)
Press: ? - help, Dir - move target, f - gargoyle
Aim: a gargoyle, wielding a +0 mace (about 26% to evade your +2 halberd of pain)
You reach to attack!
You slash the gargoyle!
The gargoyle is moderately damaged.
You hit the gargoyle.
The gargoyle is heavily damaged.
The gargoyle hits you with a +0 mace!
You hit the gargoyle but do no damage.
The gargoyle is heavily damaged.
The vampire mumbles some strange words.
The vampire flickers and vanishes!
The gargoyle hurls a stone arrow at you.
The stone arrow hits you!
* * * LOW HITPOINT WARNING * * *
The gargoyle hits you with a +0 mace.
You die...
Your body crumbles into a pile of gold. $$$$$ $ $ $ $$$$$ $$$$$$ $ $$ ▓▓▓▓▓▓▓▓▓▓▓▓▓▓▓▓▓▓▓▓▓▓▓▓ .{O.Wl9@..[[=)?!'_______ ▓▓▓▓▓▓▓▓▓▓▓▓▓▓▓▓▓▓▓▓▓▓▓▓

You could see a two-headed ogre, a wyvern, a gargoyle and a shadow.

Vanquished Creatures
  A howler monkey (D)
  A jelly (D)
  A hound (D)
  2 adders (D)
  An endoplasm (D)
  2 hobgoblins (D)
  A kobold (D)
  A frilled lizard (D)
10 creatures vanquished.

Notes
Turn   | Place    | Note
-------+----------+-------------------------------------------
     0 | D        | Heoruswealwe the Minotaur Fighter began the quest for the
                  | Orb.
     0 | D        | Reached XP level 1. HP: 19/19 MP: 0/0
     6 | D        | Reached skill level 3 in Polearms
    25 | D        | Noticed a hound
    25 | D        | Noticed a howler monkey
    25 | D        | Noticed a jelly
    29 | D        | Killed a jelly
    30 | D        | Reached skill level 5 in Fighting
    30 | D        | Reached skill level 5 in Polearms
    30 | D        | Reached skill level 5 in Armour
    30 | D        | Reached XP level 2. HP: 10/29 MP: 1/1
    30 | D        | Reached XP level 3. HP: 13/36 MP: 2/2
    38 | D        | Reached skill level 7 in Polearms
    38 | D        | Reached XP level 4. HP: 25/44 MP: 3/3
    54 | D        | Reached skill level 8 in Polearms
    60 | D        | Found a snail-covered altar of Cheibriados.
    60 | D        | Found a shadowy altar of Dithmenos.
    60 | D        | Found a white marble altar of Elyvilon.
    60 | D        | Found a blossoming altar of Fedhas.
    60 | D        | Found an opulent altar of Gozag.
    61 | D        | Found a hazy altar of Hepliaklqana.
    62 | D        | Found a viscous altar of Jiyva.
    63 | D        | Found an ancient bone altar of Kikubaaqudgha.
    64 | D        | Found a corrupted altar of Lugonu.
    65 | D        | Found a burning altar of Makhleb.
    66 | D        | Found a sparkling altar of Nemelex Xobeh.
    67 | D        | Found an iron altar of Okawaru.
    68 | D        | Became a worshipper of Gozag Ym Sagoz the Greedy
    69 | D        | Found a stormy altar of Qazlal.
    70 | D        | Found a sacrificial altar of Ru.
    71 | D        | Found a shimmering blue altar of Sif Muna.
    72 | D        | Found a bloodstained altar of Trog.
    73 | D        | Found a hide-covered altar of Uskayaw.
    74 | D        | Found a radiant altar of Vehumet.
    75 | D        | Found an ornate altar of the Wu Jian Council.
    76 | D        | Found a shimmering altar of Xom.
    77 | D        | Found a basalt altar of Yredelemnul.
    78 | D        | Found a glowing silver altar of Zin.
    79 | D        | Found a glowing golden altar of the Shining One.
   138 | D        | Noticed a vampire
   138 | D        | Noticed a two-headed ogre
   138 | D        | Noticed a shadow
   138 | D        | Noticed a shadow
   138 | D        | Noticed a wyvern
   138 | D        | Noticed a gargoyle
   141 | D        | HP: 1/45 [gargoyle/stone arrow (16)]
   141 | D        | Slain by a gargoyle

Illustrated notes

Levels and vault maps discovered:
D:        linesprint [early_d, line_temple, items_1, d_10, items_2, lair_1,
          lair_end, items_3, orc_1, orc_end, items_4, d_15, swamp_1, shoals_1,
          snake_1, spider_1, d_20, vaults_1, items_5, swamp_end, shoals_end,
          snake_end, spider_end, vaults_end, d_27, items_6, zot_1, zot_end,
          crypt_end, forest_end, elf_end, slime_end, tomb_end, abyss_end,
          pan_hell_end]

Skill      XL: |  1  2  3  4 |
---------------+-------------+-----
Polearms       | 5 7 8 |  8.5
Fighting       | 5 6 |  6.8
Armour         | 5 6 |  6.8
Shields        | |  3.6

Action                     |  1- 3 |  4- 6 || total
---------------------------+-------+-------++-------
  Melee: Trident           |    22 |    15 ||    37
         Headbutt          |     2 |     1 ||     3
         Halberd           |       |     3 ||     3
    Use: Potion            |     1 |     1 ||     2
 Armour: Scale mail        |     5 |     4 ||     9
  Dodge: Dodged            |     5 |     6 ||    11
  Block: Buckler           |     3 |     3 ||     6
